 Seeded DCSS version 0.30-a0-800-g7c544603b3 (webtiles) character file.

Game seed: 8796237800415217726 (custom seed)

132 BigDaddyOpFi the Ducker (level 5, 0/37 HPs)
             Began as an Octopode Fighter on Feb 21, 2023.
             Killed by divine providence
             ... invoked by an orc priest
              (12 damage)
             ... on level 4 of the Dungeon.
             The game lasted 00:01:59 (2014 turns).

BigDaddyOpFi the Ducker (Octopode Fighter)          Turns: 2014, Time: 00:02:00

Health: 0/37       AC: -3    Str: 17    XL:     5   Next: 15%
Magic:  5/5        EV: 13    Int: 16    God:
Gold:   203        SH:  4    Dex: 11    Spells: 4/4 levels left

rFire   . . .      SeeInvis .    a - +0 war axe
rCold   . . .      Faith    .    f - +0 buckler "Suseshrao" {Contam rElec Regen+ Int+5}
rNeg    + . .      Spirit   .    (helmet restricted)
rPois   .          Reflect  .    k - amulet of regeneration
rElec   +          Harm     .    e - ring of Nihitus {rN+ Slay+3}
rCorr   .          Rampage  .    (no ring)
Will    .....                    (no ring)
Stlth   ++                       (no ring)
HPRegen 1.86/turn                (no ring)
MPRegen 0.09/turn                (no ring)
                                 (no ring)
                                 (no ring)

@: corroded, studying Dodging
A: almost no armour, amphibious, 8 rings, camouflage 1, gelatinous body 1,
(nimble swimmer 1), tentacles
a: no special abilities


You were on level 4 of the Dungeon.
You visited 1 branch of the dungeon, and saw 4 of its levels.

You collected 203 gold pieces.

Inventory:

Hand Weapons
 a - a +0 war axe (weapon)
Armour
 f - the +0 buckler "Suseshrao" (worn) {Contam rElec Regen+ Int+5}
   (You acquired it on level 1 of the Dungeon)

   Int:       It affects your intelligence (+5).
   rElec:     It insulates you from electricity.
   Contam:    It causes magical contamination when unequipped.
   Regen:     It increases your rate of health regeneration.
Jewellery
 e - the ring of Nihitus (left tentacle) {rN+ Slay+3}
   (You acquired it on level 1 of the Dungeon)

   [ring of positive energy]

   Slay:      It affects your accuracy & damage with ranged weapons and melee
   (+3).
   rN:        It protects you from negative energy.
 k - an amulet of regeneration (around mantle)
Wands
 u - a wand of paralysis (10)
Scrolls
 d - a scroll of teleportation {unknown}
 m - 3 scrolls of noise {unknown}
 o - 5 scrolls of identify {unknown}
 q - a scroll of vulnerability {unknown}
 r - a scroll of torment {unknown}
 s - a scroll of magic mapping {unknown}
 t - a scroll of immolation {unknown}
 v - a scroll of enchant weapon {unknown}
 w - a scroll of enchant armour {unknown}
 x - 2 scrolls of poison {unknown}
Potions
 b - a potion of magic {unknown}
 c - a potion of might
 g - 2 potions of berserk rage {unknown}
 h - 2 potions of curing {unknown}
 i - 2 potions of attraction {unknown}
 j - a potion of lignification {unknown}
 l - a potion of invisibility {unknown}
 n - a potion of mutation {unknown}
 p - 3 potions of brilliance {unknown}


   Skills:
 + Level 3.8 Fighting
 + Level 3.0 Axes
 + Level 4.5 Dodging
 + Level 3.8 Shields


You had 4 spell levels left.
You didn't know any spells.
Your spell library was empty.

Dungeon Overview and Level Annotations

Branches:
Dungeon (4/15)
 Temple: D:4-7

Altars:

Shops:
D:1 :   D:2 *


Innate Abilities, Weirdness & Mutations

You cannot wear most types of armour.
You are amphibious.
You can wear up to eight rings at the same time.
Your skin changes colour to match your surroundings (Stealth+).
Your rubbery body absorbs attacks. (AC +1, EV +1)
((You are camouflaged when in or above water. (Stealth+)))
You have tentacles for arms and can constrict up to eight enemies at once.


Message History

The adder hisses angrily.
The orc priest hits you with a +0 morningstar of holy wrath.
You closely miss the orc priest.
The adder hisses angrily.
You grab the orc priest. You constrict the orc priest.
An endoplasm comes into view.
The orc priest escapes!
The orc wizard casts a spell.
The orc wizard flickers and vanishes!
Deactivating autopickup; reactivate with Ctrl-A.
The orc hits you with a +0 club. The orc priest closely misses you.
You hit the orc. You grab the orc. You squeeze the orc.
The orc is severely wounded.
You closely miss the orc.
You hit the orc priest but do no damage.
You hit the giant cockroach but do no damage.
You constrict the orc.
You kill the orc!
The giant cockroach closely misses you. The orc hits you with a +0 whip.
The orc priest barely misses you.
You hit the orc priest. You grab the orc priest.
The orc priest is heavily wounded.
You hit the orc. You hit something. You barely miss the giant cockroach.
You constrict the orc priest. The giant cockroach bites you.
The orc priest hits you with a +0 morningstar of holy wrath!
The orc hits you with a +0 whip. Something hits you.
The giant cockroach completely misses you.
You hit the orc priest but do no damage.
You squeeze the orc priest.
The orc priest is almost dead.
You barely miss the orc. You slash something!
You barely miss the giant cockroach.
You constrict the orc priest, but do no damage.
The orc priest calls upon Beogh to heal the orc.
Something hits you. The orc barely misses you.
The giant cockroach barely misses you. The goblin hits you with a +0 dagger.
You block the giant cockroach's attack. Something hits you.
The orc priest calls down the wrath of Beogh upon you.
Beogh smites you!
You die...

.##..................#...
..##...##................
....##..###..........##..
....###.# #.....)........
......#.# #..............
...##.#.. #......!...#...
..........#.............=
...#.##..................
...#.# ##......g@oS.$.#..
.... . #......o)B....#..
.#.# .# ..#.....S.J...#
.#.# . # ##........#.#
..........#...
###........# ###
.......... .#..........


You could see an orc priest, 2 adders, an orc, an endoplasm, a giant cockroach
and a goblin.

Vanquished Creatures
  A jelly (D:4)
  3 gnolls (D:2)
  2 adders
  A worm (D:2)
  An orc (D:4)
  6 endoplasms
  4 giant cockroaches
  4 hobgoblins
  6 jackals (D:2)
  A quokka (D:3)
  4 ball pythons
  5 bats
  3 goblins
  2 kobolds
  5 rats
48 creatures vanquished.

Notes
Turn   | Place    | Note
-------+----------+-------------------------------------------
     0 | D:1      | BigDaddyOpFi the Octopode Fighter began the quest for the
                  | Orb.
     0 | D:1      | Reached XP level 1. HP: 16/16 MP: 1/1
    11 | D:1      | Found Veoliky's Book Emporium.
    38 | D:1      | Identified 3 scrolls of acquirement
    38 | D:1      | Acquired the ring of Nihitus {rN+ Slay+3}
    40 | D:1      | Acquired the +0 buckler "Suseshrao" {Contam rElec Regen+
                  | Int+5}
    42 | D:1      | Acquired a manual of Dodging
    96 | D:1      | Reached XP level 2. HP: 16/21 MP: 2/2
   536 | D:2      | Found a faded altar of an unknown god.
   553 | D:2      | Reached XP level 3. HP: 26/26 MP: 3/3
   773 | D:2      | Reached XP level 4. HP: 31/31 MP: 4/4
   777 | D:2      | Reached skill level 4 in Dodging
   826 | D:2      | Found Fuiquv's Assorted Antiques.
  1416 | D:2      | Identified the +4 hand axe "Fumm" {freeze, *Rage Dex+4}
  2006 | D:4      | Reached XP level 5. HP: 33/37 MP: 5/5
  2014 | D:4      | Killed from afar by an orc priest

Illustrated notes

Levels and vault maps discovered:
D:1:      heliophobic_arrival_henge, layout_rooms, serial_shops, shop_statue
D:2:      layout_basic, serial_shops, nicolae_lakefront_shop,
          ebering_ecumenical_altar_ruins
D:3:      layout_basic
D:4:      layout_rooms, kennysheep_generic_room_4

Skill      XL: |  1  2  3  4 |
---------------+-------------+-----
Dodging        | 4 |  4.5
Axes           | 3 |  3.0
Fighting       | |  3.8
Shields        | |  3.8

Action                     |  1- 3 |  4- 6 || total
---------------------------+-------+-------++-------
  Melee: War axe           |    36 |    34 ||    70
         Constrict         |    10 |     8 ||    18
         Tentacles         |     8 |     8 ||    16
    Use: Scroll            |     3 |       ||     3
   Stab: Sleeping          |     5 |     4 ||     9
 Armour: Skin              |     1 |     1 ||     2
  Dodge: Dodged            |    25 |    26 ||    51
  Block: Buckler           |     7 |     8 ||    15

Table legend: (Time is in decaauts)
 A = Elapsed time spent in this place.
 B = Non-inter-level travel time spent in this place.
 C = Inter-level travel time spent in this place.
 D = Time resting spent in this place.
 E = Time spent auto-exploring this place.
 F = Levels seen in this place.
 G = Mean time per level.
                   A        B        C        D        E       F      G
               +--------+--------+--------+--------+--------+-----+--------+
         Total |   2041 |   1912 |    129 |      0 |   1569 |   4 |  510.2 |
       Dungeon |   2041 |   1912 |    129 |      0 |   1569 |   4 |  510.2 |
               +--------+--------+--------+--------+--------+-----+--------+

Top non-repeatable levels by time:
     D:2: 1061 daAuts
     D:1: 506 daAuts
     D:3: 409 daAuts
     D:4: 64 daAuts
